 Dungeon Crawl Stone Soup version 0.17.1-3-g152610e (webtiles) character file.

425 Romlok the Gusty (level 6, -5/33 HPs)
             Began as a Vine Stalker Air Elementalist on Apr 23, 2016.
             Killed from afar by an orc wizard (11 damage)
             ... with a puff of flame
             ... on level 3 of the Dungeon.
             The game lasted 01:02:31 (4942 turns).

Romlok the Gusty (Vine Stalker Air Elementalist)    Turns: 4942, Time: 01:02:31

Health: -5/33      AC:  3    Str: 10    XL:     6   Next: 96%
Magic:  0/13       EV: 12    Int: 15    God:
Gold:   130        SH:  0    Dex: 17    Spells: 3 memorised, 8 levels left

rFire  . . .     SeeInvis .     i - +1 dagger
rCold  . . .     Clarity  .     a - +1 robe
rNeg   + . .     SustAt   .     (no shield)
rPois  .         Gourm    +     (no helmet)
rElec  .         Spirit   +     (no cloak)
rCorr  .         Warding  .     (no gloves)
rMut   .         Stasis   .     (no boots)
MR     .....                    x - amulet of the gourmand
Stlth  ++........               (no ring)
                                r - ring of positive energy

@: very slightly contaminated, not resistant to hostile enchantments, unstealthy
A: fangs 2, regeneration 2, magic shield, antimagic bite, no device heal 3, rot
immunity
a: no special abilities


You were on level 3 of the Dungeon.
You were very full.

You visited 1 branch of the dungeon, and saw 4 of its levels.

You collected 184 gold pieces.
You spent 54 gold pieces at shops.

Inventory:

Hand Weapons
 i - a +1 dagger (weapon)
Missiles
 d - 146 stones (quivered)
Armour
 a - a +1 robe (worn)
 t - a +0 shield
Jewellery
 r - a ring of positive energy (left hand)
 x - an amulet of the gourmand (around neck)
Wands
 n - a wand of polymorph (24)
 u - a wand of frost (19)
 w - a wand of polymorph (1)
 y - a wand of heal wounds (1)
 z - a wand of magic darts (0)
Scrolls
 e - 4 scrolls of identify
 h - 2 scrolls of amnesia
 o - 3 scrolls of remove curse
 p - 2 scrolls of enchant armour
 v - a scroll of recharging
 A - a scroll of enchant weapon
Potions
 k - 4 potions of curing
 q - a potion of brilliance
Books
 b - a book of Air

   Spells                             Type                      Level
   a - Shock                          Conjuration/Air              1
   b - Swiftness                      Charms/Air                   2
   c - Repel Missiles                 Charms/Air                   2
   d - Static Discharge               Conjuration/Air              3
   e - Lightning Bolt                 Conjuration/Air              5
 j - a Fen Folio

   Spells                             Type                      Level
   a - Corpse Rot                     Necromancy                   2
   b - Stone Arrow                    Conjuration/Earth            3
   c - Leda's Liquefaction            Hexes/Earth                  4
   d - Summon Forest                  Summoning/Translocation      5
   e - Hydra Form                     Transmutation                6
   f - Summon Hydra                   Summoning                    7
 m - a book of Minor Magic

   Spells                             Type                      Level
   a - Magic Dart                     Conjuration                  1
   b - Blink                          Translocation                2
   c - Call Imp                       Summoning                    2
   d - Repel Missiles                 Charms/Air                   2
   e - Slow                           Hexes                        2
   f - Conjure Flame                  Conjuration/Fire             3
   g - Mephitic Cloud                 Conjuration/Poison/Air       3
Comestibles
 c - 3 bread rations
 f - 6 meat rations
 g - 2 beef jerkies
 l - a slice of pizza
 s - 2 fruits


   Skills:
 * Level 3.7 Fighting
 - Level 1.5 Dodging
 - Level 2.4 Stealth
 - Level 4.0 Spellcasting
 - Level 1.0 Conjurations
 + Level 1.1 Charms
 * Level 4.8 Air Magic


You had 8 spell levels left.
You knew the following spells:

 Your Spells              Type           Power        Failure   Level  Hunger
a - Shock                 Conj/Air       ##..         8%          1    None
f - Repel Missiles        Chrm/Air       ##....       12%         2    ##.....
g - Swiftness             Chrm/Air       ##......     12%         2    ##.....


Dungeon Overview and Level Annotations

Branches:
Dungeon (4/15)
 Temple: D:4-7

Altars:
Makhleb
Vehumet
Xom

Shops:
D:4 =

Annotations:
D:4 Grinder; swiech's ghost, novice TrMo


Innate Abilities, Weirdness & Mutations

You have extremely sharp teeth.
You heal very quickly.
When hurt, damage is shared between your health and your magic reserves.
Your bite disrupts and absorbs the magic of your enemies.
Potions and wands cannot restore your health.
You are immune to rotting.


Message History

* * * LOW HITPOINT WARNING * * *
You climb upwards.
There is a stone staircase leading down here.
Something hits you but does no damage.
You see here a leather armour.
You hear some strange, mumbled words.
A puff of flame appears from out of thin air!
The puff of flame misses you.
Casting: Shock
Confirm with . or Enter, or press ? or * to list all spells.
You can't see any susceptible monsters within range! (Use Z to cast anyway.)
Casting: Shock
Confirm with . or Enter, or press ? or * to list all spells.
Aiming: Shock
Press: ? - help, Shift-Dir - straight line You swing at nothing.
You hear some strange, mumbled words.
A puff of flame appears from out of thin air!
The puff of flame hits you!
You die...

#.#
#..........##.##
#.# #...###.##.##.#
#.# #...###.##.##(#
#.# #.............#
#
#.###...######..###
## #..........#
#..# ##.
##.......#.# #..#
##.# #.##.>#.#.#
#..# #.##
#.##..#[#@###..###
##.#
#.##.............#
##.
#.#####.#.######.#
## #.#####.#.# #.#
# #.......#.# #.#
#########.# #.# #.#
#.# ## #.# #.# ##.
#.# #.# ##.#


There were no monsters in sight!

Vanquished Creatures
  A crimson imp (D:4)
  A hound (D:4)
  Crazy Yiuf (D:3)
  3 orc priests
  Ijyb (D:3)
  An iguana (D:4)
  A worker ant (D:4)
  7 adders
  3 oozes
  3 worms
  2 orcs (D:4)
  3 bats
  4 giant cockroaches
  10 goblins
  10 hobgoblins
  5 jackals
  3 ball pythons
  5 giant geckos
  2 giant newts
  10 kobolds
  8 rats
  A fungus (D:3)
85 creatures vanquished.

Notes
Turn   | Place    | Note
--------------------------------------------------------------
     0 | D:1      | Romlok the Vine Stalker Air Elementalist began the quest for the Orb.
     0 | D:1      | Reached XP level 1. HP: 9/9 MP: 4/4
   268 | D:1      | Reached XP level 2. HP: 14/14 MP: 3/6
   277 | D:1      | Learned a level 2 spell: Repel Missiles
   280 | D:1      | Learned a level 2 spell: Swiftness
   467 | D:1      | Reached skill level 1 in Fighting
  1055 | D:2      | Reached XP level 3. HP: 15/18 MP: 3/7
  1739 | D:2      | Reached XP level 4. HP: 23/23 MP: 4/9
  2728 | D:3      | Noticed Crazy Yiuf
  2748 | D:3      | Killed Crazy Yiuf
  2748 | D:3      | Reached XP level 5. HP: 28/28 MP: 10/10
  3030 | D:3      | Noticed Ijyb
  3039 | D:3      | Reached skill level 4 in Air Magic
  3047 | D:3      | Killed Ijyb
  3298 | D:4      | Noticed swiech's ghost (novice TrMo)
  3435 | D:4      | Found Izodghyf's Jewellery Shop.
  3448 | D:4      | Bought a cursed ring of loudness for 54 gold pieces
  3657 | D:4      | Found a radiant altar of Vehumet.
  3657 | D:4      | Found a burning altar of Makhleb.
  3678 | D:4      | Gained mutation: You heal very quickly. [Vine Stalker growth]
  3678 | D:4      | Reached XP level 6. HP: 32/32 MP: 7/13
  4023 | D:4      | Noticed Grinder
  4201 | D:4      | Reached skill level 1 in Charms
  4358 | D:4      | Found a shimmering altar of Xom.
  4942 | D:3      | Killed from afar by an orc wizard

Action                   |  1- 3 |  4- 6 || total
-------------------------+-------+-------++-------
Melee: Dagger            |    33 |   127 ||   160
       Unarmed           |       |     2 ||     2
Throw: Stone             |    26 |     4 ||    30
 Cast: Shock             |    48 |    97 ||   145
  Use: Potion            |     3 |     5 ||     8
       Scroll            |       |     8 ||     8
 Stab: Sleeping          |     3 |    14 ||    17
       Distracted        |       |     1 ||     1
  Eat: Chunk             |     3 |    17 ||    20
